3AA
BILLINGS POLAR BEARS @ RICHLAND RAILS
09/15/2038
 
TOP OF THE 1ST
Billings Polar Bears batting - Pitching for Richland Rails : RHP Jose Jovellanos
Pitching: RHP Jose Jovellanos
Batting: SHB Manu Pakkarinen 0-0: Ball
1-0: Foul Ball, location: 2F
1-1: Ball
2-1: Ball
3-1: Foul Ball, location: 2F
3-2: Foul Ball, location: 2F
3-2: Foul Ball, location: 2F
3-2: Foul Ball, location: 2F
3-2: Fly out, F5 (Popup, 25, EV 83.1 MPH)
Batting: RHB Pat Bryant 0-0: Called Strike
0-1: Called Strike
0-2: Ground out 3-1 (Groundball, 34, EV 86.2 MPH)
Batting: LHB Norbert Ingalsbe 0-0: Called Strike
0-1: Ball
1-1: Foul Ball, location: 2F
1-2: Ball
2-2: Fly out, F9 (Flyball, 89S, EV 88.1 MPH)
Top of the 1st over - 0 runs, 0 hits, 0 errors, 0 left on base; Billings 0 - Richland 0
BOTTOM OF THE 1ST
Richland Rails batting - Pitching for Billings Polar Bears : RHP Juan Ayala
Pitching: RHP Juan Ayala
Batting: LHB Júlio Solís 0-0: Called Strike
0-1: Ball
1-1: Ball
2-1: Swinging Strike
2-2: Ball
3-2: Base on Balls
Batting: LHB Antoine Studdard 0-0: Called Strike
0-1: Ball
1-1: Called Strike
1-2: SINGLE (Line Drive, 34D, EV 96.2 MPH)
Júlio Solís to second
Runner from 2nd tries for 3rd, SAFE, throw by RF made to third
Batting: SHB Fa-hsien Tze 0-0: Ball
1-0: Fly out, F8 (Flyball, 8LD, EV 95.0 MPH)
Batting: RHB Falco Opsteegh 0-0: Ball
1-0: Fly out, F9 (Flyball, 9S, EV 78.8 MPH)
Batting: LHB Glenn Lockhart 0-0: Ball
1-0: Ball
2-0: Foul Ball, location: 2F
2-1: Fly out, F8 (Line Drive, 8LM, EV 93.8 MPH)
Bottom of the 1st over - 0 runs, 1 hit, 0 errors, 2 left on base; Billings 0 - Richland 0
TOP OF THE 2ND
Billings Polar Bears batting - Pitching for Richland Rails : RHP Jose Jovellanos
Batting: RHB Shao Qigang 0-0: Ground out 6-3 (Groundball, 6, EV 83.8 MPH)
Batting: LHB Gabriel Muńóz 0-0: Ball
1-0: Ground out U3 (Groundball, 3L, EV 90.6 MPH)
Batting: RHB Kunimatsu Furukawa 0-0: Called Strike
0-1: Called Strike
0-2: Ball
1-2: Foul Ball, location: 2F
1-2: Strikes out swinging
Top of the 2nd over - 0 runs, 0 hits, 0 errors, 0 left on base; Billings 0 - Richland 0
BOTTOM OF THE 2ND
Richland Rails batting - Pitching for Billings Polar Bears : RHP Juan Ayala
Batting: RHB César Vélez 0-0: Fly out, F4 (Flyball, 34D, EV 88.8 MPH)
Batting: RHB Corey Hines 0-0: Ball
1-0: Ball
2-0: Ball
3-0: Called Strike
3-1: Foul Ball, location: 2F
3-2: Foul Ball, location: 2F
3-2: Ground out 4-3 (Groundball, 4, EV 82.5 MPH)
Batting: RHB Francisco Rodríguez 0-0: Called Strike
0-1: Ball
1-1: Foul Ball, location: 2F
1-2: Foul Ball, location: 2F
1-2: Ball
2-2: Foul Ball, location: 2F
2-2: Ball
3-2: Foul Ball, location: 2F
3-2: Fly out, F9 (Line Drive, 9, EV 95.0 MPH)
Bottom of the 2nd over - 0 runs, 0 hits, 0 errors, 0 left on base; Billings 0 - Richland 0
TOP OF THE 3RD
Billings Polar Bears batting - Pitching for Richland Rails : RHP Jose Jovellanos
Batting: RHB Toni Vilen 0-0: Called Strike
0-1: Ball
1-1: SINGLE (Line Drive, 4D, EV 96.9 MPH)
Batting: RHB Ju-choer Park 0-0: Called Strike
0-1: Called Strike
0-2: Fielders Choice at 2nd, 4-6 (Groundball, 34, EV 105.6 MPH)
Batting: RHB Juan Velasco 0-0: Ground out 5-3 (Groundball, 5S, EV 68.1 MPH)
Ju-choer Park to second
Batting: SHB Manu Pakkarinen 0-0: Ball
1-0: Ball
2-0: Ball
Wild Pitch!
Ju-choer Park to third
3-0: Called Strike
3-1: Fly out, F7 (Flyball, 7S, EV 93.1 MPH)
Top of the 3rd over - 0 runs, 1 hit, 0 errors, 1 left on base; Billings 0 - Richland 0
BOTTOM OF THE 3RD
Richland Rails batting - Pitching for Billings Polar Bears : RHP Juan Ayala
Batting: RHB Fabrice Gaudin 0-0: Called Strike
0-1: Swinging Strike
0-2: Ball
1-2: Ball
2-2: Ball
3-2: Fly out, F4 (Popup, 4, EV 67.5 MPH)
Batting: LHB Júlio Solís 0-0: Ball
1-0: Ball
2-0: Foul Ball, location: 2F
2-1: Ball
3-1: Swinging Strike
3-2: Strikes out looking
Batting: LHB Antoine Studdard 0-0: Ball
1-0: Ball
2-0: Ball
3-0: Called Strike
3-1: SINGLE (Groundball, 4MD, EV 99.4 MPH)
Batting: SHB Fa-hsien Tze 0-0: TRIPLE (Line Drive, 78XD, EV 108.1 MPH)
Antoine Studdard scores
Batting: RHB Falco Opsteegh 0-0: Called Strike
0-1: Called Strike
0-2: Ball
1-2: Ball
2-2: Strikes out swinging
Bottom of the 3rd over - 1 run, 2 hits, 0 errors, 1 left on base; Billings 0 - Richland 1
TOP OF THE 4TH
Billings Polar Bears batting - Pitching for Richland Rails : RHP Jose Jovellanos
Batting: RHB Pat Bryant 0-0: Ball
1-0: Called Strike
1-1: Ball
2-1: Ball
3-1: Fly out, F6 (Popup, 4MD, EV 55.6 MPH)
Batting: LHB Norbert Ingalsbe 0-0: Ball
1-0: DOUBLE (Line Drive, 3D, EV 103.1 MPH)
Batting: RHB Shao Qigang 0-0: Fly out, F8 (Flyball, 8LM, EV 88.1 MPH)
Batting: LHB Gabriel Muńóz 0-0: Ball
1-0: Ball
2-0: SINGLE (Groundball, 4MD, EV 95.0 MPH)
Norbert Ingalsbe to third
Runner from 3rd tries for Home, SAFE, no throw by CF
Batting: RHB Kunimatsu Furukawa 0-0: Called Strike
0-1: Ball
1-1: Foul Ball, location: 2F
1-2: Foul Ball, location: 2F
1-2: Strikes out swinging
Top of the 4th over - 1 run, 2 hits, 0 errors, 1 left on base; Billings 1 - Richland 1
BOTTOM OF THE 4TH
Richland Rails batting - Pitching for Billings Polar Bears : RHP Juan Ayala
Batting: LHB Glenn Lockhart 0-0: Ball
1-0: Ball
2-0: Swinging Strike
2-1: Foul Ball, location: 2F
2-2: Foul Ball, location: 2F
2-2: Ball
3-2: Fly out, F7 (Flyball, 7, EV 85.0 MPH)
Batting: RHB César Vélez 0-0: Fly out, F4 (Popup, 34, EV 75.0 MPH)
Batting: RHB Corey Hines 0-0: Ground out 5-3 (Groundball, 5, EV 86.9 MPH)
Bottom of the 4th over - 0 runs, 0 hits, 0 errors, 0 left on base; Billings 1 - Richland 1
TOP OF THE 5TH
Billings Polar Bears batting - Pitching for Richland Rails : RHP Jose Jovellanos
Batting: RHB Toni Vilen 0-0: Ball
1-0: Foul Ball, location: 2F
1-1: Fly out, F9 (Flyball, 89S, EV 88.1 MPH)
Batting: RHB Ju-choer Park 0-0: Ball
1-0: Called Strike
1-1: Ball
2-1: Swinging Strike
2-2: Ground out 4-3 (Groundball, 4M, EV 80.6 MPH)
Batting: RHB Juan Velasco 0-0: Swinging Strike
0-1: Fly out, F9 (Flyball, 9LM, EV 93.1 MPH)
Top of the 5th over - 0 runs, 0 hits, 0 errors, 0 left on base; Billings 1 - Richland 1
BOTTOM OF THE 5TH
Richland Rails batting - Pitching for Billings Polar Bears : RHP Juan Ayala
Batting: RHB Francisco Rodríguez 0-0: Ball
1-0: Fly out, F8 (Flyball, 8RXD, EV 109.4 MPH)
Batting: RHB Fabrice Gaudin 0-0: Ball
1-0: Foul Ball, location: 2F
1-1: Ball
2-1: Ground out 5-3 (Groundball, 56, EV 108.8 MPH)
Batting: LHB Júlio Solís 0-0: Ball
1-0: Fly out, F7 (Flyball, 7, EV 85.6 MPH)
Bottom of the 5th over - 0 runs, 0 hits, 0 errors, 0 left on base; Billings 1 - Richland 1
TOP OF THE 6TH
Billings Polar Bears batting - Pitching for Richland Rails : RHP Jose Jovellanos
Batting: SHB Manu Pakkarinen 0-0: Ground out U3 (Groundball, 3, EV 96.9 MPH)
Batting: RHB Pat Bryant 0-0: Fly out, F6 (Popup, 6MS, EV 80.0 MPH)
Batting: LHB Norbert Ingalsbe 0-0: Ball
1-0: Ball
2-0: Foul Ball, location: 2F
2-1: SOLO HOME RUN (Flyball, 9D, EV 108.8 MPH), Distance : 354 ft
Batting: RHB Shao Qigang 0-0: Called Strike
0-1: Ball
1-1: Ball
2-1: Swinging Strike
2-2: Foul Ball, location: 2F
2-2: Ball
3-2: Base on Balls
Batting: LHB Gabriel Muńóz 0-0: Called Strike
0-1: Ground out 4-3 (Groundball, 4, EV 103.1 MPH)
Top of the 6th over - 1 run, 1 hit, 0 errors, 1 left on base; Billings 2 - Richland 1
BOTTOM OF THE 6TH
Richland Rails batting - Pitching for Billings Polar Bears : RHP Juan Ayala
Batting: LHB Antoine Studdard 0-0: Ground out 6-3 (Groundball, 6, EV 106.9 MPH)
Batting: SHB Fa-hsien Tze 0-0: Called Strike
0-1: Foul Ball, location: 2F
0-2: Ball
1-2: Strikes out looking
Batting: RHB Falco Opsteegh 0-0: Called Strike
0-1: Swinging Strike
0-2: Ball
1-2: Foul Ball, location: 2F
1-2: Foul Ball, location: 2F
1-2: Ground out 3-1 (Groundball, 34, EV 90.0 MPH)
Bottom of the 6th over - 0 runs, 0 hits, 0 errors, 0 left on base; Billings 2 - Richland 1
TOP OF THE 7TH
Billings Polar Bears batting - Pitching for Richland Rails : RHP Jose Jovellanos
Batting: RHB Kunimatsu Furukawa 0-0: Ball
1-0: Ball
2-0: Foul Ball, location: 2F
2-1: Ball
3-1: Swinging Strike
3-2: Base on Balls
Batting: RHB Toni Vilen 0-0: Called Strike
Kunimatsu Furukawa steals 2nd base
0-1: SINGLE (Flyball, 8LS, EV 96.2 MPH)
Kunimatsu Furukawa to third
Batting: RHB Ju-choer Park 0-0: Swinging Strike
0-1: Ball
1-1: Ball
2-1: SINGLE (Groundball, 6, EV 108.8 MPH) (infield hit)
Kunimatsu Furukawa scores
Toni Vilen to second
Batting: RHB Juan Velasco 0-0: Foul Ball, location: 2F
0-1: Called Strike
0-2: DOUBLE (Line Drive, 89M, EV 105.0 MPH)
Toni Vilen scores
Ju-choer Park to third
Pitching: RHP Jim Perry
Batting: SHB Manu Pakkarinen 0-0: Called Strike
0-1: Called Strike
0-2: SINGLE (Line Drive, 89S, EV 89.4 MPH)
Ju-choer Park scores
Juan Velasco to third
Batting: RHB Pat Bryant 0-0: Ball
1-0: Fly out, F7 (Flyball, 78S, EV 86.2 MPH)
Runner from 3rd tags up, SCORES, no throw by LF
Batting: LHB Norbert Ingalsbe 0-0: Called Strike
Manu Pakkarinen steals 2nd base
0-1: Foul Ball, location: 2F
0-2: Ball
1-2: Ball
2-2: Ball
3-2: Ground out 4-3 (Groundball, 4S, EV 68.8 MPH)
Manu Pakkarinen to third
Batting: RHB Shao Qigang 0-0: Foul Ball, location: 2F
0-1: Called Strike
0-2: Foul Ball, location: 2F
0-2: Strikes out swinging
Top of the 7th over - 4 runs, 4 hits, 0 errors, 1 left on base; Billings 6 - Richland 1
BOTTOM OF THE 7TH
Richland Rails batting - Pitching for Billings Polar Bears : RHP Juan Ayala
Pitching: LHP Brant Mielke
Batting: LHB Glenn Lockhart 0-0: Called Strike
0-1: DOUBLE (Flyball, 89D, EV 90.6 MPH)
Batting: RHB César Vélez 0-0: Called Strike
0-1: Ball
1-1: Ball
2-1: Called Strike
2-2: Strikes out looking
Batting: RHB Corey Hines 0-0: Ball
1-0: Foul Ball, location: 2F
1-1: Swinging Strike
1-2: Ball
2-2: Strikes out looking
Batting: RHB Francisco Rodríguez 0-0: Swinging Strike
0-1: Swinging Strike
0-2: Ball
1-2: Strikes out swinging
Bottom of the 7th over - 0 runs, 1 hit, 0 errors, 1 left on base; Billings 6 - Richland 1
TOP OF THE 8TH
Billings Polar Bears batting - Pitching for Richland Rails : RHP Jim Perry
Batting: LHB Gabriel Muńóz 0-0: Ball
1-0: Foul Ball, location: 2F
1-1: Ball
2-1: Ball
3-1: Swinging Strike
3-2: Fly out, F8 (Line Drive, 8LM, EV 101.9 MPH)
Batting: RHB Kunimatsu Furukawa 0-0: Ball
1-0: Called Strike
1-1: Called Strike
1-2: Ball
2-2: Foul Ball, location: 2F
2-2: Ball
3-2: Base on Balls
Batting: RHB Toni Vilen 0-0: Ball
1-0: Ball
2-0: Called Strike
2-1: Grounds into double play, 6-4-3 (Groundball, 56, EV 103.8 MPH)
Top of the 8th over - 0 runs, 0 hits, 0 errors, 0 left on base; Billings 6 - Richland 1
BOTTOM OF THE 8TH
Richland Rails batting - Pitching for Billings Polar Bears : LHP Brant Mielke
Batting: RHB Fabrice Gaudin 0-0: Swinging Strike
0-1: Ball
1-1: Called Strike
1-2: Strikes out swinging
Batting: LHB Júlio Solís 0-0: Called Strike
0-1: Swinging Strike
0-2: Ball
1-2: Ground out 6-3 (Groundball, 6, EV 78.8 MPH)
Batting: LHB Antoine Studdard 0-0: Ball
1-0: Foul Ball, location: 2F
1-1: Ball
2-1: Ball
3-1: Swinging Strike
3-2: SINGLE (Groundball, 6MD, EV 108.8 MPH)
Batting: SHB Fa-hsien Tze 0-0: Ball
1-0: Foul Ball, location: 2F
1-1: Swinging Strike
1-2: Hit by Pitch
Antoine Studdard to second
Batting: RHB Falco Opsteegh 0-0: Ball
1-0: Swinging Strike
1-1: Foul Ball, location: 2F
1-2: Foul Ball, location: 2F
1-2: Foul Ball, location: 2F
1-2: Foul Ball, location: 2F
1-2: Ball
2-2: Strikes out swinging
Bottom of the 8th over - 0 runs, 1 hit, 0 errors, 2 left on base; Billings 6 - Richland 1
TOP OF THE 9TH
Billings Polar Bears batting - Pitching for Richland Rails : RHP Jim Perry
Batting: RHB Ju-choer Park 0-0: Ball
1-0: Ball
2-0: Called Strike
2-1: Swinging Strike
2-2: Ground out 4-3 (Groundball, 34, EV 111.9 MPH)
Batting: RHB Juan Velasco 0-0: Foul Ball, location: 2F
0-1: Swinging Strike
0-2: Ball
1-2: Foul Ball, location: 2F
1-2: Strikes out swinging
Batting: SHB Manu Pakkarinen 0-0: Foul Ball, location: 2F
0-1: Ground out 4-3 (Groundball, 4S, EV 71.9 MPH)
Top of the 9th over - 0 runs, 0 hits, 0 errors, 0 left on base; Billings 6 - Richland 1
BOTTOM OF THE 9TH
Richland Rails batting - Pitching for Billings Polar Bears : LHP Brant Mielke
Batting: LHB Glenn Lockhart 0-0: Called Strike
0-1: Ground out U3 (Groundball, 34, EV 101.9 MPH)
Batting: RHB César Vélez 0-0: Foul Ball, location: 2F
0-1: Ball
1-1: Fly out, F6 (Popup, 56D, EV 67.5 MPH)
Batting: RHB Corey Hines 0-0: Called Strike
0-1: Ball
1-1: Ball
2-1: Ball
3-1: Foul Ball, location: 2F
3-2: Foul Ball, location: 2F
3-2: Foul Ball, location: 2F
3-2: SINGLE (Groundball, 56D, EV 100.0 MPH)
Batting: RHB Francisco Rodríguez 0-0: Ball
1-0: Swinging Strike
1-1: Ball
2-1: Ball
3-1: Foul Ball, location: 2F
3-2: Strikes out swinging
Bottom of the 9th over - 0 runs, 1 hit, 0 errors, 1 left on base; Billings 6 - Richland 1
Friday, April 17th, 2020 - OOTP Baseball 20.8 Build 74